 Dungeon Crawl Stone Soup version 0.25.0-65-g31bcc41 (webtiles) character file.

825904 Dorkslayer the Hoplite (level 27, 0/220 HPs)
             Began as a Gargoyle Fighter on Nov 10, 2020.
             Was the Champion of Okawaru.
             Killed from afar by a starcursed mass (17 damage)
             ... with an accursed screaming
             ... on level 25 of a ziggurat on Nov 11, 2020.
             The game lasted 02:18:59 (18802 turns).

Dorkslayer the Hoplite (Gargoyle Fighter)          Turns: 18802, Time: 02:19:00

Health: 0/220      AC: 64    Str: 39      XL:     27
Magic:  37/39      EV: 24    Int:  6 (7)  God:    Okawaru [******]
Gold:   1399       SH: 23    Dex: 27      Spells: 26/26 levels left

rFire    + . .     SeeInvis +   A - +7 rapier "Josas" {chaos, rC++ MR+ SInv}
rCold    + + .     Gourm    .   t - +1 shield of Aguutz {rCorr Int-5 Dex+4}
rNeg     + + +     Faith    .   c - +6 plate armour of the Guardian {rC- MR+ Dex+5 Slay+5}
rPois    ∞         Spirit   .   z - +2 helmet {Int+3}
rElec    +         Reflect  .   o - scarf {cloud immunity}
rCorr    +         Harm     .   S - +2 pair of gloves {Str+3}
MR       ++++.     Rnd*Rage +   u - +5 pair of boots "Diys" {Dex+4} Stlth ..........Rnd*Tele +
                                P - amulet "Teruj" {RegenMP rPois Int+2 Slay+3 SInv}
HPRegen  0.46/turn              n - ring "Keakeesch" {rElec AC+3 SInv}
MPRegen  0.51/turn              r - ring "Wuokhlusk" {rElec rN+++ MP+9 Int-5 SInv}

@: mighty, brilliant, agile, berserking, resistant, heroism, flying, very
slightly contaminated, hasted and slowed, lost intelligence, glowing, invisible
(but backlit and visible)
A: big wings, [berserk 3], [blurry vision 3], [deterioration 2], [dopey 2],
[frail 3], low mp 1[+1], negative energy resistance 1, robust 1, [screaming 1],
electricity resistance, teleportitis 1, unbreathing, petrification resistance,
rot immunity, AC +20
}: 4/15 runes: serpentine, barnacled, slimy, silver
a: Stop Flying, Heroism, Finesse, Renounce Religion


You were on level 25 of a ziggurat.
You worshipped Okawaru.
Okawaru was exalted by your worship.
You were not hungry.

You visited 11 branches of the dungeon, and saw 13 of its levels.
You visited the Abyss 1 time.
You visited 1 ziggurat, and saw 1 of its levels.
You also visited: Ice Cave.

You collected 7413 gold pieces.
You spent 6014 gold pieces at shops.

Inventory:

Hand Weapons
 d - a +2 scimitar of flaming
 A - the +7 rapier "Josas" (weapon) {chaos, rC++ MR+ SInv}
   (You found it on level 3 of the Dungeon)

   Each time it hits an enemy it has a different, random effect.
   It greatly protects you from cold.
   It affects your resistance to hostile enchantments.
   It lets you see invisible.
 X - a +9 long sword of holy wrath
Missiles
 m - 17 steel javelins
 w - 21 javelins of penetration
 K - 24 poisoned javelins
 N - 5 silver javelins (quivered)
 O - 20 javelins of returning
Armour
 c - the +6 plate armour of the Guardian (worn) {rC- MR+ Dex+5 Slay+5}
   (You bought it in a shop in the Orcish Mines)

   It affects your dexterity (+5).
   It affects your accuracy and damage with ranged weapons and melee attacks
   (+5).
   It makes you vulnerable to cold.
   It affects your resistance to hostile enchantments.
 o - a scarf of cloud immunity (worn)
 t - the +1 shield of Aguutz (worn) {rCorr Int-5 Dex+4}
   (Okawaru gifted it to you in the Orcish Mines)

   It affects your intelligence (-5).
   It affects your dexterity (+4).
   It provides partial protection from all sources of acid and corrosion.
 u - the +5 pair of boots "Diys" (worn) {Dex+4}
   (You bought it in a shop in the Orcish Mines)

   It affects your dexterity (+4).
 y - a +2 large shield of fire resistance
 z - a +2 helmet of intelligence (worn)
 S - a +2 pair of gloves of strength (worn)
Jewellery
 a - an uncursed ring of positive energy
 b - an uncursed ring of protection from magic
 n - the ring "Keakeesch" (left hand) {rElec AC+3 SInv}
   (You found it in the Shoals)

   [ring of protection]

   It affects your AC (+3).
   It insulates you from electricity.
   It lets you see invisible.
 r - the ring "Wuokhlusk" (right hand) {rElec rN+++ MP+9 Int-5 SInv}
   (You found it in the Pits of Slime)

   [ring of magical power]

   It affects your intelligence (-5).
   It insulates you from electricity.
   It renders you almost immune to negative energy.
   It affects your magic capacity (+9).
   It lets you see invisible.
 P - the amulet "Teruj" (around neck) {RegenMP rPois Int+2 Slay+3 SInv}
   (You acquired it in the Realm of Zot)

   [amulet of magic regeneration]

   It increases your magic regeneration.
   It affects your intelligence (+2).
   It affects your accuracy and damage with ranged weapons and melee attacks
   (+3).
   It protects you from poison.
   It lets you see invisible.
Wands
 e - a wand of iceblast (7)
 g - a wand of flame (16)
 s - a wand of paralysis (9)
 F - a wand of digging (6)
 G - a wand of acid (21)
 H - a wand of enslavement (10)
Scrolls
 h - 4 scrolls of fog
 i - 5 scrolls of identify
 l - 3 scrolls of blinking
 q - 3 scrolls of magic mapping
 v - 11 scrolls of teleportation
 R - 9 scrolls of remove curse
 V - a scroll of silence
Potions
 j - a potion of cancellation
 k - 16 potions of curing
 B - a potion of ambrosia
 C - a potion of agility
 E - 4 potions of might
 I - a potion of resistance
 L - a potion of brilliance
 Q - 3 potions of magic
 U - a potion of haste
Miscellaneous
 p - a phial of floods
 x - 3 sacks of spiders
 D - a lamp of fire (inert)
 Y - 4 boxes of beasts
 Z - a lightning rod (1/4)
Comestibles
 f - 34 rations
 M - 15 chunks of flesh


   Skills:
 + Level 22.1(27) Fighting
 + Level 20.0(25.8) Short Blades
 + Level 11.5(21.9) Long Blades
   Level 6.1(11.1) Axes
 + Level 20.0(25.0) Throwing
 + Level 16.2(21.2) Armour
 + Level 4.8(9.8) Dodging
 + Level 13.8(18.8) Stealth
 + Level 25.8(27) Shields
 + Level 22.4 Invocations
 * Level 21.1 Evocations


You had 26 spell levels left.
You didn't know any spells.
Your spell library contained the following spells:

 Spells                   Type           Power        Failure   Level  Hunger
 Beastly Appendage        Tmut           #.....       14%         1    ##.....
 Confusing Touch          Hex            #.....       14%         1    ##.....
 Corona                   Hex            #......      14%         1    ##.....
 Infusion                 Chrm           #...         14%         1    ##.....
 Magic Dart               Conj           #...         14%         1    ##.....
 Sandblast                Erth           #.....       14%         1    ##.....
 Blink                    Tloc           N/A          22%         2    ###....
 Ensorcelled Hibernation  Hex/Ice        #.....       22%         2    ###....
 Passwall                 Tmut/Erth      #.......     22%         2    ###....
 Poisonous Vapours        Pois/Air       #.....       22%         2    ###....
 Searing Ray              Conj           #.....       22%         2    ###....
 Shroud of Golubria       Chrm/Tloc      #.........   22%         2    ###....
 Song of Slaying          Chrm           #.......     22%         2    ###....
 Swiftness                Chrm/Air       #.......     22%         2    ###....
 Confuse                  Hex            #.......     36%         3    ####...
 Conjure Flame            Conj/Fire      #.......     36%         3    ####...
 Dazzling Spray           Conj/Hex       #.....       36%         3    ####...
 Gell's Gravitas          Tloc           #.........   36%         3    ####...
 Ignite Poison            Fire/Tmut/Pois #.......     36%         3    ####...
 Lesser Beckoning         Tloc           #.........   36%         3    ####...
 Mephitic Cloud           Conj/Pois/Air  #.......     36%         3    ####...
 Portal Projectile        Hex/Tloc       #.....       36%         3    ####...
 Recall                   Summ/Tloc      N/A          36%         3    ####...
 Regeneration             Chrm/Necr      #.........   36%         3    ####...
 Spectral Weapon          Hex/Chrm       #.......     36%         3    ####...
 Static Discharge         Conj/Air       #.......     36%         3    ####...
 Stone Arrow              Conj/Erth      #.....       36%         3    ####...
 Teleport Other           Tloc           #.......     36%         3    ####...
 Tukima's Dance           Hex            #.......     36%         3    ####...
 Animate Dead             Necr           N/A          73%         4    #####..
 Cause Fear               Hex            #.........   73%         4    #####..
 Force Lance              Conj/Tloc      #.......     73%         4    #####..
 Fulminant Prism          Conj/Hex       #.........   73%         4    #####..
 Iskenderun's Mystic Bla  Conj           #.......     73%         4    #####..
 Leda's Liquefaction      Hex/Erth       #.........   73%         4    #####..
 Passage of Golubria      Tloc           N/A          73%         4    #####..
 Petrify                  Tmut/Erth      #.......     73%         4    #####..
 Bolt of Magma            Conj/Fire/Erth #.........   95%         5    ######.
 Borgnjor's Vile Clutch   Necr/Erth      #.........   95%         5    ######.
 Excruciating Wounds      Chrm/Necr      #.........   95%         5    ######.
 Fireball                 Conj/Fire      #.........   95%         5    ######.
 Irradiate                Conj/Tmut      #.........   95%         5    ######.
 Iskenderun's Battlesphe  Conj/Chrm      #.......     95%         5    ######.
 Lee's Rapid Deconstruct  Erth           #.........   95%         5    ######.
 Lightning Bolt           Conj/Air       #.........   95%         5    ######.
 Metabolic Englaciation   Hex/Ice        #.........   95%         5    ######.
 Silence                  Hex/Air        #.........   95%         5    ######.
 Venom Bolt               Conj/Pois      #.........   95%         5    ######.
 Yara's Violent Unravell  Hex/Tmut       #.........   95%         5    ######.
 Bolt of Fire             Conj/Fire      #.........   100%        6    #######
 Darkness                 Hex            #.........   100%        6    #######
 Death Channel            Necr           #.........   100%        6    #######
 Deflect Missiles         Chrm/Air       #.........   100%        6    #######
 Dispersal                Tloc           #.........   100%        6    #######
 Freezing Cloud           Conj/Ice/Air   #.........   100%        6    #######
 Hydra Form               Tmut           #.........   100%        6    #######
 Invisibility             Hex            #.......     100%        6    #######
 Iron Shot                Conj/Erth      #.........   100%        6    #######
 Simulacrum               Ice/Necr       #.........   100%        6    #######
 Dragon Form              Tmut           #.........   100%        7    #######
 Haunt                    Necr/Summ      #.........   100%        7    #######
 Malign Gateway           Summ/Tloc      #.........   100%        7    #######
 Monstrous Menagerie      Summ           #.........   100%        7    #######
 Orb of Destruction       Conj           #.........   100%        7    #######
 Ring of Flames           Chrm/Fire      #.........   100%        7    #######
 Spellforged Servitor     Conj/Summ      #.........   100%        7    #######
 Summon Greater Demon     Summ           #.........   100%        7    #######
 Borgnjor's Revivificati  Necr           #.........   100%        8    #######
 Controlled Blink         Tloc           N/A          100%        8    #######
 Death's Door             Chrm/Necr      #.........   100%        8    #######
 Discord                  Hex            #.........   100%        8    #######
 Disjunction              Tloc           #.........   100%        8    #######
 Ignition                 Fire           #.........   100%        8    #######
 Infestation              Necr           #.........   100%        8    #######
 Necromutation            Tmut/Necr      #.........   100%        8    #######
 Summon Horrible Things   Summ           #.........   100%        8    #######
 Shatter                  Erth           #.........   100%        9    #######
 Tornado                  Air            #.........   100%        9    #######
 Statue Form              Tmut/Erth      Unusable     N/A         6    N/A

Dungeon Overview and Level Annotations

Branches:
Dungeon (3/3)              Temple (1/1) D:1          Shoals (1/1) D:3
  Snake (1/1) D:3           Slime (1/1) D:2             Orc (1/1) D:2
    Elf (1/1) Orc          Vaults (1/1) D:3            Tomb (1/1) Vaults
 Depths (1/1) D:3             Zot (1/1) Depths

Altars:
Ashenzari
Cheibriados
Dithmenos
Elyvilon
Fedhas
Gozag
Hepliaklqana
Kikubaaqudgha
Makhleb
Nemelex Xobeh
Okawaru
Qazlal
Ru
Sif Muna
Trog
Uskayaw
Vehumet
Wu Jian
Xom
Yredelemnul
Zin
The Shining One
Beogh
Jiyva
Lugonu

Shops:
Orc (*=[!   Vaults ?}}??(!

Portals:
Hell:
Depths
Abyss:
Depths
Pandemonium: Depths


Innate Abilities, Weirdness & Mutations

You are resistant to torment.
Your stone body is resilient. (AC +20)
You are immune to poison.
Your large and strong wings let you fly indefinitely.
You resist negative energy. (rN+)
You are resistant to electric shocks. (rElec)
You can survive without breathing.
You are immune to petrification.
You are immune to rotting.
You are robust. (+10% HP)
You are occasionally teleported next to monsters.
[You have an uncontrollable temper.]
[Scrolls take you much longer to read.]
[Your body often deteriorates upon taking damage.]
[You are very dopey. (Int -4)]
[You are extremely frail. (-30% HP)]
[Your magical capacity is very low. (-20% MP)]
[You occasionally shout uncontrollably at your foes.]


Message History

The glowing orange brain blinks!
You block the spatial maelstrom's attack.
The spatial maelstrom barely misses you.
The daeva calls down the wrath of the Shining One upon you.
The Shining One smites you!
* * * LOW HITPOINT WARNING * * *
Unknown command.
You impale the spatial maelstrom!!
The spatial maelstrom seems to speed up.
The spatial maelstrom is severely damaged.
The thrashing horror tramples you but does no damage. x2
You block the fire bat's attack.
A starcursed mass splits.
The rakshasa weaves an illusion.
You block the thrashing horror's attack.
The thrashing horror tramples you but does no damage.
The spatial maelstrom hits you but does no damage.
The spatial maelstrom completely misses you.
A starcursed mass splits.
A cacophony of accursed wailing tears at your sanity!
You die...

▓▓........................
▓▓.....xXXXxWx2#DG3.X....
▓▓....X..3x36u22XX§.....
▓▓....vvRv4pXXxR.X.....
▓▓....xvXhXxApXX......
▓▓....t6tXAdXtx......
▓▓..yXX6X*XXh......▓
▓.*RXX3bxXX..G..▓▓
▓.*XX@vhXX....▓▓
▓▓▓▓▓▓▓▓▓▓▓▓▓▓▓


You could see a bone dragon, 15 starcursed masses, 2 daevas, a white very ugly
thing, a purple draconian, a tentacled starspawn, 2 spatial maelstroms, 3
wretched stars, 3 demonspawn, 3 rakshasas, 2 hell knights, a shining eye, a
glowing orange brain, a sun demon, a shadow demon, a shadow wraith (invisible),
a spatial vortex, 3 ancient zymes, 3 apocalypse crabs, 8 thrashing horrors, 5
large abominations, a hellwing, 3 worldbinders, a smoke demon, 2 hellions, 3
raiju, a neqoxec, a ynoxinul, a vampire mosquito, 3 small abominations, a fire
bat and 2 insubstantial wisps.

Vanquished Creatures
  the Royal Jelly (Slime)
  2 ancient liches (Tomb)
  A juggernaut (Depths)
  A greater mummy (Tomb)
  A caustic shrike (Depths)
  A bone dragon (Depths)
  An electric golem (Zot)
  2 tentacled monstrosities (Zot)
  3 deep elf blademasters (Elf)
  2 liches (Depths)
  A deep elf master archer (Elf)
  8 acid blobs (Slime)
  A kraken (Shoals)
  5 sphinxes
  A shadow dragon (Zot)
  A sphinx (shapeshifter) (Elf)
  An ancient champion (Tomb)
  3 storm dragons
  A storm dragon (shapeshifter) (Depths)
  Agnes (Snake)
  Kirke (Snake)
  Frances (Shoals)
  2 tengu reavers
  Ilsuiw (Shoals)
  11 azure jellies
  4 frost giants
  5 nagarajas (Snake)
  A draconian knight (Zot)
  A ghost moth (Depths)
  6 vault wardens (Vaults)
  2 deep elf sorcerers (Elf)
  3 fire giants
  A draconian shifter (Depths)
  An orc warlord (D:2)
  4 deep elf elementalists (Elf)
  A draconian stormcaller (Zot)
  7 stone giants
  4 ironheart preservers (Vaults)
  A war gargoyle (Vaults)
  6 bennus (Tomb)
  3 very ugly things
  6 deep elf demonologists (Elf)
  A draconian annihilator (Depths)
  2 green draconians (Zot)
  A purple draconian (Zot)
  2 red draconians
  7 deep elf annihilators (Elf)
  7 merfolk javelineers (Shoals)
  A spark wasp (Depths)
  2 blizzard demons (IceCv)
  5 deep elf death magi (Elf)
  2 ettins
  6 mummy priests (Tomb)
  9 death oozes (Slime)
  2 merfolk impalers (Shoals)
  A fire dragon (D:3)
  9 yaktaur captains
  4 great orbs of eyes
  5 deep elf high priests
  A rakshasa (D:3)
  25 vault guards
  A catoblepas (D:3)
  An ice dragon (Depths)
  8 naga warriors (Snake)
  A hydra (shapeshifter) (Vaults)
  3 centaur warriors (D:3)
  2 anacondas (Snake)
  2 merfolk aquamancers (Shoals)
  An anaconda (shapeshifter) (Shoals)
  An alligator snapping turtle (shapeshifter) (Slime)
  3 dancing weapons (Elf)
  2 deep troll shamans (Depths)
  4 ogre magi
  A deep troll earth mage (Depths)
  A thrashing horror (Zig:25)
  A two-headed ogre (D:2)
  4 orc high priests
  A spriggan berserker (Depths)
  A sun demon (Depths)
  9 naga sharpshooters (Snake)
  9 deep elf knights
  A shadow wraith (Vaults)
  A skeletal warrior (D:2)
  A wretched star (Zig:25)
  An iron troll (Elf)
  15 deep trolls
  4 sea snakes (Shoals)
  4 large abominations (Zig:25)
  6 deep elf archers
  2 shadow demons
  A flayed ghost (Vaults)
  A kraken simulacrum (Shoals)
  A naga ritualist (Snake)
  A glowing orange brain (Depths)
  7 ironbrand convokers (Vaults)
  A harpy (Shoals)
  14 deep elf magi
  2 phantasmal warriors (Vaults)
  2 shining eyes (Slime)
  A lindwurm (Shoals)
  9 orc knights
  4 orc sorcerers
  2 mana vipers (Snake)
  2 ugly things (D:3)
  A shining eye (shapeshifter) (Shoals)
  3 cyclopes
  A worldbinder (Zig:25)
  2 salamanders (Snake)
  A wolf spider (Vaults)
  4 fauns (Shoals)
  2 moths of wrath (Zot)
  7 manticores
  A manticore (shapeshifter) (D:2)
  7 black mambas (Snake)
  3 naga magi (Snake)
  An apocalypse crab (Zig:25)
  11 vault sentinels (Vaults)
  A dire elephant zombie (Tomb)
  5 merfolk sirens (Shoals)
  An eye of devastation (Slime)
  A gargoyle (D:3)
  A smoke demon (Zig:25)
  2 water nymphs (Shoals)
  A kobold demonologist (D:2)
  A rime drake (Snake)
  An efreet (D:3)
  4 anaconda simulacra (IceCv)
  A komodo dragon (D:2)
  15 yaktaurs
  3 golden dragon simulacra (IceCv)
  7 freezing wraiths
  A yaktaur (shapeshifter) (D:3)
  5 ice devils (IceCv)
  2 hellwings (Depths)
  3 trolls (Orc)
  3 ancient zymes (Zig:25)
  7 guardian mummies (Tomb)
  A tengu conjurer (D:3)
  2 demonic crawlers (Elf)
  A slime creature (shapeshifter) (Vaults)
  3 hornets
  6 merfolk (Shoals)
  14 slime creatures (Slime)
  A wind drake (Shoals)
  A blink frog (Zig:25)
  4 hippogriffs
  A snapping turtle (Shoals)
  A snapping turtle (shapeshifter) (Vaults)
  An alligator skeleton (Tomb)
  A centaur simulacrum (D:3)
  4 water elementals
  A wraith (D:3)
  2 dire elephant simulacra (IceCv)
  A vampire (Zig:25)
  A ynoxinul (Zig:25)
  11 ushabtiu (Tomb)
  A fire bat (Zig:25)
  2 neqoxecs (Zig:25)
  A yak (D:2)
  A death yak simulacrum (IceCv)
  10 vampire mosquitoes
  2 harpy simulacra (IceCv)
  2 chaos spawn
  4 wargs
  34 nagas
  4 hydra simulacra (IceCv)
  21 orc warriors
  An ice beast (D:2)
  2 ogres (Orc)
  A crocodile (shapeshifter) (Depths)
  2 small abominations (Zig:25)
  2 centaurs
  A bullfrog (D:2)
  A gnoll sergeant (Orc)
  2 crimson imps (Depths)
  5 starcursed masses (Zig:25)
  3 quasits (Depths)
  3 draconian simulacra (IceCv)
  A centaur zombie (D:2)
  An iron imp (Depths)
  A jelly (D:2)
  A centaur skeleton (D:2)
  4 orc priests
  5 orc wizards (Orc)
  A worker ant (D:2)
  2 troll simulacra (IceCv)
  2 wolf simulacra (IceCv)
  A polar bear simulacrum (IceCv)
  A hound zombie (D:1)
  A mummy (Tomb)
  2 gnolls (Orc)
  2 adders
  2 naga simulacra (IceCv)
  3 ogre simulacra (IceCv)
  A shadow imp (D:1)
  7 white imps
  8 ufetubi
  A leopard gecko (Orc)
  29 orcs
  A giant cockroach (D:1)
  A jackal zombie (D:1)
  3 crawling corpses (Elf)
  A fungus (Orc)
  5 tentacles (Shoals)
699 creatures vanquished.

Vanquished Creatures (collateral kills)
  An acid blob (Slime)
  A guardian serpent (Zig:25)
  A hellion (Zig:25)
  A starcursed mass (Zig:25)
  A slime creature (Slime)
  A small abomination (Zig:25)
6 creatures vanquished.

Vanquished Creatures (others)
  A sea snake (Shoals)
  An orc knight (Elf)
  5 humans (Snake)
  A mummy (Tomb)
  A gnoll (D:2)
  7 fungi (Orc)
  5 plants
  A starspawn tentacle (Zig:25)
  11 tentacles (Shoals)
33 creatures vanquished.

Grand Total: 738 creatures vanquished

Notes
Turn   | Place    | Note
-------+----------+-------------------------------------------
     0 | D:1      | Dorkslayer the Gargoyle Fighter began the quest for the
                  | Orb.
     0 | D:1      | Reached XP level 1. HP: 14/14 MP: 1/1
    97 | D:1      | Found an ancient bone altar of Kikubaaqudgha.
   125 | D:1      | Reached XP level 2. HP: 15/20 MP: 2/2
   125 | D:1      | Reached XP level 3. HP: 19/24 MP: 3/3
   125 | D:1      | Reached XP level 4. HP: 22/29 MP: 4/4
   274 | D:1      | Found a glowing silver altar of Zin.
   315 | D:1      | Found a blossoming altar of Fedhas.
   351 | D:1      | Found a shadowy altar of Dithmenos.
   377 | D:1      | Found a radiant altar of Vehumet.
   392 | D:1      | Found a snail-covered altar of Cheibriados.
   408 | D:1      | Found a basalt altar of Yredelemnul.
   449 | D:1      | Found a stormy altar of Qazlal.
   464 | D:1      | Found a white marble altar of Elyvilon.
   476 | D:1      | Reached skill level 4 in Shields
   476 | D:1      | Reached XP level 5. HP: 34/34 MP: 5/5
   486 | D:1      | Found an ornate altar of the Wu Jian Council.
   523 | D:1      | Found a burning altar of Makhleb.
   555 | D:1      | Found a sparkling altar of Nemelex Xobeh.
   619 | D:1      | Found a staircase to the Ecumenical Temple.
   635 | Temple   | Entered the Ecumenical Temple
   652 | Temple   | Became a worshipper of Warmaster Okawaru
   676 | D:1      | Found a bloodstained altar of Trog.
   786 | D:1      | Found a glowing golden altar of the Shining One.
   981 | D:2      | Reached * piety under Okawaru
   981 | D:2      | Reached skill level 5 in Fighting
   981 | D:2      | Reached skill level 1 in Invocations
   981 | D:2      | Reached XP level 6. HP: 39/40 MP: 5/7
  1037 | D:2      | Found a viscous altar of Jiyva.
  1038 | D:2      | Found a staircase to the Slime Pits.
  1142 | D:2      | Noticed a vampire mosquito
  1146 | D:2      | Noticed a kobold demonologist
  1147 | D:2      | Noticed an orc warrior
  1150 | D:2      | Noticed a skeletal warrior
  1152 | D:2      | Reached ** piety under Okawaru
  1152 | D:2      | Reached skill level 5 in Shields
  1152 | D:2      | Reached XP level 7. HP: 39/44 MP: 7/9
  1155 | D:2      | Killed a vampire mosquito
  1155 | D:2      | Reached *** piety under Okawaru
  1155 | D:2      | Reached skill level 5 in Long Blades
  1155 | D:2      | Reached skill level 5 in Armour
  1155 | D:2      | Reached skill level 1 in Dodging
  1155 | D:2      | Reached XP level 8. HP: 46/51 MP: 7/11
  1166 | D:2      | Noticed an orange demon
  1186 | D:2      | Killed a skeletal warrior
  1186 | D:2      | Reached **** piety under Okawaru
  1186 | D:2      | Reached ***** piety under Okawaru
  1186 | D:2      | Received a gift from Okawaru
  1186 | D:2      | Reached skill level 6 in Shields
  1186 | D:2      | Reached XP level 9. HP: 33/57 MP: 7/14
  1186 | D:2      | Reached XP level 10. HP: 36/63 MP: 7/15
  1187 | D:2      | Got a smelly ring mail {god gift}
  1198 | D:2      | Reached skill level 7 in Shields
  1211 | D:2      | Killed a kobold demonologist
  1227 | D:2      | Reached ****** piety under Okawaru
  1227 | D:2      | Reached XP level 11. HP: 53/68 MP: 12/16
  1254 | D:2      | Identified the +4 ring mail of the Pleiades {rC- Regen+
                  | Int+8 Slay-4} (Okawaru gifted it to you on level 2 of the
                  | Dungeon)
  1479 | D:2      | Noticed a deep elf mage
  1505 | D:2      | Reached skill level 1 in Evocations
  1508 | D:2      | Killed a deep elf mage
  1508 | D:2      | Received a gift from Okawaru
  1508 | D:2      | Reached skill level 8 in Shields
  1874 | D:2      | Noticed a two-headed ogre
  1875 | D:2      | Found a roughly hewn altar of Beogh.
  1897 | D:2      | Reached skill level 10 in Long Blades
  1911 | D:2      | Killed a two-headed ogre
  1911 | D:2      | Reached skill level 1 in Stealth
  1911 | D:2      | Reached XP level 12. HP: 51/75 MP: 17/19
  1947 | D:2      | Found a staircase to the Orcish Mines.
  2095 | D:3      | Entered Level 3 of the Dungeon
  2105 | D:3      | Noticed a centaur warrior
  2122 | D:3      | Killed a centaur warrior
  2122 | D:3      | Received a gift from Okawaru
  2122 | D:3      | Reached skill level 1 in Axes
  2122 | D:3      | Reached skill level 9 in Shields
  2152 | D:3      | Got a transparent rapier
  2261 | D:2      | Identified the +7 rapier "Josas" {chaos, rC++ MR+ SInv}
                  | (You found it on level 3 of the Dungeon)
  2419 | Orc      | Entered the Orcish Mines
  2420 | Orc      | Noticed an orc warlord
  2436 | D:2      | Reached skill level 10 in Invocations
  2436 | D:2      | Reached XP level 13. HP: 42/80 MP: 18/20
  2618 | D:2      | Reached skill level 1 in Short Blades
  2618 | D:2      | Reached skill level 5 in Evocations
  2628 | D:2      | Killed an orc warlord
  2628 | D:2      | Received a gift from Okawaru
  2644 | D:2      | Got a smoking ring mail {god gift}
  2655 | D:2      | Identified the +2 ring mail of Watchfulness {Dex+2 SInv}
                  | (Okawaru gifted it to you on level 2 of the Dungeon)
  2830 | Orc      | Reached skill level 1 in Throwing
  2852 | Orc      | Reached skill level 10 in Shields
  2858 | Orc      | Found Viext's Jewellery Shop.
  2957 | Orc      | Found a staircase to the Elven Halls.
  3069 | Orc      | Gained mutation: Your large and strong wings let you fly
                  | indefinitely. [Gargoyle growth]
  3069 | Orc      | Reached XP level 14. HP: 73/87 MP: 13/22
  3102 | Orc      | Reached skill level 5 in Axes
  3129 | Orc      | Reached skill level 5 in Short Blades
  3144 | Orc      | Received a gift from Okawaru
  3159 | Orc      | Found Jouhees's Antique Weapon Emporium.
  3173 | Orc      | Got an encrusted shield {god gift}
  3184 | Orc      | Identified the +1 shield of Aguutz {rCorr Int-5 Dex+4}
                  | (Okawaru gifted it to you in the Orcish Mines)
  3204 | Orc      | Reached skill level 10 in Fighting
  3226 | Orc      | Found Ottuor Cael's Antique Armour Emporium.
  3396 | Orc      | Found Miosomo's General Store.
  3442 | Orc      | Bought a scroll of silence for 127 gold pieces
  3442 | Orc      | Bought a potion of curing for 51 gold pieces
  3442 | Orc      | Bought a potion of lignification for 51 gold pieces
  3486 | Orc      | Bought a pair of faintly humming boots for 294 gold pieces
  3491 | Orc      | Identified the +5 pair of boots "Diys" {Dex+4} (You bought
                  | it in a shop in the Orcish Mines)
  3553 | Orc      | Reached XP level 15. HP: 92/92 MP: 18/23
  3576 | Orc      | Found Nump's Distillery.
  3585 | Orc      | Bought a potion of heal wounds for 55 gold pieces
  3585 | Orc      | Bought a potion of ambrosia for 88 gold pieces
  3585 | Orc      | Bought a potion of agility for 44 gold pieces
  3585 | Orc      | Bought a potion of curing for 33 gold pieces
  3585 | Orc      | Bought a potion of heal wounds for 55 gold pieces
  3585 | Orc      | Bought a potion of curing for 33 gold pieces
  3845 | Orc      | Reached skill level 11 in Shields
  3888 | Orc      | Received a gift from Okawaru
  4018 | D:3      | Found a staircase to the Shoals.
  4052 | Shoals   | Entered the Shoals
  4268 | Shoals   | Reached XP level 16. HP: 99/99 MP: 25/25
  4296 | Shoals   | Received a gift from Okawaru
  4306 | Shoals   | Received a gift from Okawaru
  4306 | Shoals   | Reached skill level 12 in Shields
  4323 | Shoals   | Reached skill level 10 in Short Blades
  4329 | Shoals   | Got a barnacled rune of Zot
  4411 | Shoals   | Noticed Ilsuiw
  4443 | Shoals   | Killed Ilsuiw
  4449 | Shoals   | Received a gift from Okawaru
  4461 | Shoals   | Received a gift from Okawaru
  4461 | Shoals   | Reached XP level 17. HP: 49/104 MP: 20/27
  4485 | Shoals   | Reached skill level 13 in Shields
  4485 | Shoals   | Reached skill level 10 in Evocations
  4756 | Shoals   | Received a gift from Okawaru
  4756 | Shoals   | Reached skill level 10 in Armour
  4894 | Shoals   | Got a clouded pewter ring
  5090 | Shoals   | Reached XP level 18. HP: 101/112 MP: 28/28
  5094 | Shoals   | Received a gift from Okawaru
  5094 | Shoals   | Reached skill level 5 in Throwing
  5095 | Shoals   | Got a fine demon blade {god gift}
  5096 | Shoals   | Identified the +1 demon blade of Terra Cotta {elec, +Blink
                  | Str+7 Int+4 Dex-3} (Okawaru gifted it to you in the Shoals)
  5593 | Shoals   | Noticed Frances
  5615 | Shoals   | Killed Frances
  5653 | Shoals   | Got a twitching golden ring
  5662 | Shoals   | Identified the ring "Keakeesch" {rElec AC+3 SInv} (You
                  | found it in the Shoals)
  5664 | Shoals   | Identified the ring of Oreox {rPois Dex+3} (You found it in
                  | the Shoals)
  5741 | Shoals   | Reached skill level 14 in Shields
  5802 | Shoals   | Received a gift from Okawaru
  5994 | D:3      | Reached skill level 5 in Stealth
  6180 | D:3      | Found a staircase to the Depths.
  6335 | D:3      | Reached XP level 19. HP: 117/117 MP: 29/29
  6359 | D:3      | Received a gift from Okawaru
  6386 | D:3      | Found a gate to the Vaults.
  6459 | D:3      | Received a gift from Okawaru
  6475 | D:3      | Found a staircase to the Snake Pit.
  6488 | D:3      | Got a pitted cloak {god gift}
  6499 | D:3      | Identified the +0 cloak of Indemnity {MR- Int+4 Dex+4}
                  | (Okawaru gifted it to you on level 3 of the Dungeon)
  6941 | Depths   | Entered the Depths
  6990 | Depths   | Reached skill level 15 in Invocations
  7054 | Depths   | Received a gift from Okawaru
  7055 | Depths   | Got a jewelled helmet {god gift}
  7066 | Depths   | Identified the +0 helmet "Wenuerun" {*Slow Dex+7} (Okawaru
                  | gifted it to you in the Depths)
  7090 | Depths   | Got an ebony morningstar
  7091 | Depths   | Identified the +7 morningstar of the Badger {freeze, rF+
                  | Int+3} (You found it in the Depths)
  7125 | Depths   | Reached XP level 20. HP: 118/124 MP: 25/31
  7129 | Depths   | Found a one-way gate leading to the halls of Pandemonium.
  7199 | Depths   | Reached skill level 15 in Shields
  7365 | Depths   | Received a gift from Okawaru
  7366 | Depths   | Got a twisted battleaxe {god gift}
  7387 | Depths   | Noticed a bone dragon
  7394 | Depths   | Killed a bone dragon
  7394 | Depths   | Received a gift from Okawaru
  7394 | Depths   | Received a gift from Okawaru
  7394 | Depths   | Reached XP level 21. HP: 124/131 MP: 28/32
  7431 | Depths   | Reached skill level 10 in Throwing
  7480 | Depths   | Received a gift from Okawaru
  7481 | Depths   | Received a gift from Okawaru
  7648 | Depths   | Found a gateway to Hell.
  7796 | Depths   | Received a gift from Okawaru
  7811 | Depths   | Received a gift from Okawaru
  8002 | Depths   | Found a gate to the Realm of Zot.
  8008 | Depths   | Noticed a juggernaut
  8033 | Depths   | Killed a juggernaut
  8033 | Depths   | Received a gift from Okawaru
  8033 | Depths   | Reached skill level 16 in Shields
  8033 | Depths   | Reached XP level 22. HP: 138/138 MP: 27/34
  8121 | Depths   | Found a one-way gate to the infinite horrors of the Abyss.
  8122 | Depths   | Found a corrupted altar of Lugonu.
  8314 | Depths   | Noticed a caustic shrike
  8334 | Depths   | Killed a caustic shrike
  8334 | Depths   | Received a gift from Okawaru
  8343 | Depths   | Reached skill level 15 in Fighting
  8985 | Snake    | Entered the Snake Pit
  9129 | Snake    | Reached XP level 23. HP: 144/144 MP: 28/35
  9302 | Snake    | Received a gift from Okawaru
  9307 | Snake    | Noticed Kirke
  9329 | Snake    | Killed Kirke
  9329 | Snake    | Reached skill level 15 in Short Blades
  9329 | Snake    | Reached skill level 17 in Shields
  9343 | Snake    | Received a gift from Okawaru
  9474 | Snake    | Received a gift from Okawaru
  9512 | Snake    | Received a gift from Okawaru
  9548 | Snake    | Identified the +6 mace of Youthful Indiscretion {crush,
                  | MP+9} (You found it in the Snake Pit)
  9549 | Snake    | Noticed Agnes
  9556 | Snake    | Killed Agnes
  9556 | Snake    | Received a gift from Okawaru
  9628 | Snake    | Received a gift from Okawaru
  9644 | Snake    | Reached XP level 24. HP: 131/152 MP: 31/36
  9876 | Snake    | Got a serpentine rune of Zot
 10406 | Snake    | Reached skill level 15 in Evocations
 10737 | Orc      | Bought the +6 plate armour of the Guardian {rC- MR+ Dex+5
                  | Slay+5} for 1531 gold pieces
 10924 | Orc      | Bought a potion of invisibility for 88 gold pieces
 10924 | Orc      | Bought a potion of might for 44 gold pieces
 10924 | Orc      | Bought 2 potions of mutation for 176 gold pieces
 10979 | Orc      | Gained mutation: [You are frail. (-10% HP)] [potion of
                  | mutation]
 10979 | Orc      | Gained mutation: You are somewhat resistant to further
                  | mutation. [potion of mutation]
 10980 | Orc      | Lost mutation: [You are frail. (-10% HP)] [potion of
                  | mutation]
 10980 | Orc      | Lost mutation: You are somewhat resistant to further
                  | mutation. [potion of mutation]
 10980 | Orc      | Gained mutation: Your spells are a little easier to cast,
                  | but a little less powerful. [potion of mutation]
 10980 | Orc      | Gained mutation: [Your body sometimes deteriorates upon
                  | taking damage.] [potion of mutation]
 10980 | Orc      | Gained mutation: You are occasionally teleported next to
                  | monsters. [potion of mutation]
 10980 | Orc      | Gained mutation: You expend magic power (3 MP) to
                  | strengthen your wands. [potion of mutation]
 10981 | Orc      | Lost mutation: [Your body sometimes deteriorates upon
                  | taking damage.] [potion of mutation]
 10981 | Orc      | Lost mutation: Your spells are a little easier to cast, but
                  | a little less powerful. [potion of mutation]
 10981 | Orc      | Lost mutation: You are occasionally teleported next to
                  | monsters. [potion of mutation]
 10981 | Orc      | Lost mutation: You expend magic power (3 MP) to strengthen
                  | your wands. [potion of mutation]
 10981 | Orc      | Gained mutation: You are clumsy. (Dex -2) [potion of
                  | mutation]
 10981 | Orc      | Gained mutation: You are occasionally teleported next to
                  | monsters. [potion of mutation]
 10981 | Orc      | Gained mutation: You have a pair of small antennae on your
                  | head. [potion of mutation]
 10981 | Orc      | Gained mutation: Your flesh is cold resistant. (rC+)
                  | [potion of mutation]
 10982 | Orc      | Lost mutation: You have a pair of small antennae on your
                  | head. [potion of mutation]
 10982 | Orc      | Gained mutation: [You are frail. (-10% HP)] [potion of
                  | mutation]
 10982 | Orc      | Gained mutation: Your muscles are strong. (Str +2) [potion
                  | of mutation]
 11060 | Elf      | Entered the Elven Halls
 11083 | Elf      | Found a frozen archway.
 11095 | IceCv    | Entered an ice cave
 11274 | IceCv    | Reached skill level 18 in Shields
 11363 | IceCv    | Received a gift from Okawaru
 11364 | IceCv    | Got a bloodstained broad axe {god gift}
 11365 | IceCv    | Identified the +8 broad axe "Banisher" {speed, rElec Int+2}
                  | (Okawaru gifted it to you in an ice cave)
 11679 | IceCv    | Got a bloodstained hat
 11690 | IceCv    | Identified the cursed +0 hat "Vaqocuax" {rPois Int+2} (You
                  | found it in an ice cave)
 11702 | IceCv    | Identified the +5 mace "Cireskoz" {flame, Dex+2 Stlth+}
                  | (You found it in an ice cave)
 11738 | Elf      | Reached XP level 25. HP: 142/143 MP: 36/36
 11840 | Elf      | Received a gift from Okawaru
 12039 | Elf      | Received a gift from Okawaru
 12058 | Elf      | Received a gift from Okawaru
 12170 | Elf      | Received a gift from Okawaru
 12297 | Elf      | Reached XP level 26. HP: 81/148 MP: 32/36
 12368 | Elf      | Identified the amulet "Pyduocso" {Harm *Drain rN+ MR+
                  | Dex+2}
 12635 | Elf      | Received a gift from Okawaru
 12636 | Elf      | Got a smoking short sword {god gift}
 12639 | Elf      | Identified the +6 short sword "Siojyot" {pierce, rPois}
                  | (Okawaru gifted it to you in the Elven Halls)
 12691 | Elf      | Reached skill level 15 in Throwing
 12773 | Elf      | Received a gift from Okawaru
 12779 | Elf      | Received a gift from Okawaru
 12779 | Elf      | Received a gift from Okawaru
 12781 | Elf      | Reached skill level 19 in Shields
 13020 | Elf      | Reached XP level 27. HP: 154/154 MP: 30/36
 13059 | Elf      | Received a gift from Okawaru
 13208 | Elf      | Received a gift from Okawaru
 13211 | Elf      | Identified the +0 plate armour of the Devil {rF+} (Okawaru
                  | gifted it to you in the Elven Halls)
 13324 | Elf      | Identified the Catalogue of the Unstable Compass
 13936 | Vaults   | Entered the Vaults
 14087 | Vaults   | Received a gift from Okawaru
 14093 | Vaults   | Reached skill level 20 in Shields
 14140 | Vaults   | Received a gift from Okawaru
 14289 | Vaults   | Reached skill level 10 in Stealth
 14310 | Vaults   | Received a gift from Okawaru
 14364 | Vaults   | Received a gift from Okawaru
 14394 | Vaults   | Reached skill level 21 in Shields
 14448 | Vaults   | Found Tiaraemi's Magic Scroll Shoppe.
 14484 | Vaults   | Bought a scroll of magic mapping for 52 gold pieces
 14484 | Vaults   | Bought a scroll of enchant weapon for 112 gold pieces
 14484 | Vaults   | Bought a scroll of enchant armour for 112 gold pieces
 14484 | Vaults   | Bought a scroll of enchant weapon for 112 gold pieces
 14490 | Vaults   | Bought a scroll of holy word for 112 gold pieces
 14500 | Vaults   | Found Wasais's Magic Scroll Shoppe.
 14514 | Vaults   | Found a staircase to the Tomb.
 14579 | Vaults   | Received a gift from Okawaru
 14582 | Vaults   | Found Yluna's Gadget Boutique.
 14610 | Vaults   | Received a gift from Okawaru
 14686 | Vaults   | Bought a wand of clouds (7) for 594 gold pieces
 14786 | Vaults   | Received a gift from Okawaru
 14796 | Vaults   | Found Mamp's Magic Scroll Emporium.
 14851 | Vaults   | Reached skill level 22 in Shields
 14856 | Vaults   | Received a gift from Okawaru
 14867 | Vaults   | Received a gift from Okawaru
 15120 | Vaults   | Found Ureorauk's Gadget Boutique.
 15461 | Vaults   | Received a gift from Okawaru
 15606 | Vaults   | Got a silver rune of Zot
 15765 | Vaults   | Found Uculloex's Distillery.
 15768 | Vaults   | Found Hodon's Weapon Shoppe.
 15779 | Vaults   | Bought a potion of might for 68 gold pieces
 15779 | Vaults   | Bought a potion of invisibility for 136 gold pieces
 15779 | Vaults   | Bought 2 potions of curing for 102 gold pieces
 15779 | Vaults   | Bought a potion of might for 68 gold pieces
 15779 | Vaults   | Bought a potion of curing for 51 gold pieces
 15779 | Vaults   | Bought a potion of curing for 51 gold pieces
 15781 | Vaults   | Bought a potion of mutation for 136 gold pieces
 15781 | Vaults   | Lost mutation: Your muscles are strong. (Str +2) [potion of
                  | mutation]
 15781 | Vaults   | Lost mutation: Your flesh is cold resistant. (rC+) [potion
                  | of mutation]
 15781 | Vaults   | Lost mutation: [You are frail. (-10% HP)] [potion of
                  | mutation]
 15781 | Vaults   | Lost mutation: You are clumsy. (Dex -2) [potion of
                  | mutation]
 15781 | Vaults   | Gained mutation: [Your magical capacity is low. (-10% MP)]
                  | [potion of mutation]
 15781 | Vaults   | Gained mutation: You are robust. (+10% HP) [potion of
                  | mutation]
 16298 | Zot      | Entered the Realm of Zot
 16315 | Zot      | Identified 3 scrolls of acquirement
 16340 | Zot      | Got a scintillating tin amulet
 16341 | Zot      | Identified the amulet "Teruj" {RegenMP rPois Int+2 Slay+3
                  | SInv} (You acquired it in the Realm of Zot)
 16557 | Vaults   | Bought a scroll of identify for 26 gold pieces
 16557 | Vaults   | Bought a scroll of identify for 26 gold pieces
 16557 | Vaults   | Bought a scroll of identify for 26 gold pieces
 16569 | Vaults   | Bought a scroll of brand weapon for 300 gold pieces
 16569 | Vaults   | Bought a scroll of identify for 30 gold pieces
 16569 | Vaults   | Bought a scroll of identify for 30 gold pieces
 16569 | Vaults   | Bought a scroll of summoning for 142 gold pieces
 16588 | Vaults   | Bought a scroll of identify for 30 gold pieces
 16588 | Vaults   | Bought 2 scrolls of identify for 60 gold pieces
 16588 | Vaults   | Bought a scroll of remove curse for 45 gold pieces
 16660 | Tomb     | Entered the Tomb of the Ancients
 16712 | Tomb     | Got a scorched emerald amulet
 16713 | Tomb     | Identified the amulet "Izifet" {Faith rElec rC- Int+7} (You
                  | acquired it in the Tomb of the Ancients)
 16760 | Tomb     | Got a crude copper ring
 16762 | Tomb     | Identified the ring "Ceptynli" {Ice Dex+2} (You found it in
                  | the Tomb of the Ancients)
 16841 | Tomb     | Reached skill level 23 in Shields
 16851 | Tomb     | Noticed a greater mummy
 16862 | Tomb     | Noticed an ancient lich
 16869 | Tomb     | Reached skill level 15 in Armour
 16872 | Tomb     | Killed an ancient lich
 16872 | Tomb     | Received a gift from Okawaru
 16874 | Tomb     | Noticed a greater mummy
 16878 | Tomb     | Noticed a greater mummy
 16879 | Tomb     | Received a gift from Okawaru
 16881 | Tomb     | Noticed an ancient lich
 16883 | Tomb     | Killed a greater mummy
 17008 | Vaults   | Received a gift from Okawaru
 17009 | Vaults   | Got a warped rapier {god gift}
 17010 | Vaults   | Identified the +4 rapier of Okawaru's Whim {pierce, Str-3
                  | Int+3 Dex+7} (Okawaru gifted it to you in the Vaults)
 17257 | Vaults   | Bought a wand of digging (6) for 380 gold pieces
 17257 | Vaults   | Bought a wand of scattershot (3) for 399 gold pieces
 17296 | Vaults   | Bought a wand of iceblast (4) for 144 gold pieces
 17332 | Tomb     | Killed an ancient lich
 17337 | Tomb     | Reached skill level 24 in Shields
 17935 | Slime    | Entered the Pits of Slime
 17949 | D:2      | Received a gift from Okawaru
 18025 | Slime    | Found a viscous altar of Jiyva.
 18026 | Slime    | Noticed the Royal Jelly
 18030 | Slime    | Found the +8 frozen axe "Frostbite" {freezing cloud, *Noise
                  | +Fly rC+}
 18092 | Slime    | Received a gift from Okawaru
 18098 | Slime    | Killed the Royal Jelly
 18098 | Slime    | Received a gift from Okawaru
 18098 | Slime    | Received a gift from Okawaru
 18208 | Slime    | Got a sparkling bone ring
 18210 | Slime    | Identified the ring "Wuokhlusk" {rElec rN+++ MP+9 Int-5
                  | SInv} (You found it in the Pits of Slime)
 18242 | Slime    | Identified the +3 morningstar of Xoileib {drain, rN+ Int+4
                  | Stlth+} (You found it in the Pits of Slime)
 18277 | Slime    | Reached skill level 25 in Shields
 18284 | Slime    | Identified the ring of Soguud {*Tele rPois Int+4} (You
                  | found it in the Pits of Slime)
 18296 | Slime    | Identified the +1 mace "Dragon's Death Toll" {venom, rF+
                  | Int+3} (You found it in the Pits of Slime)
 18311 | Slime    | Identified Semioc's Papyrus of Ignition and Boosts
 18352 | Slime    | Got a slimy rune of Zot
 18611 | Zot      | Received a gift from Okawaru
 18630 | Zot      | Received a gift from Okawaru
 18726 | Zig:25   | Entered Level 25 of a ziggurat
 18741 | Zig:25   | Paralysed by accursed screaming for 1 turns
 18748 | Zig:25   | Received a gift from Okawaru
 18749 | Zig:25   | Paralysed by accursed screaming for 1 turns
 18750 | Zig:25   | Cast into level 2 of the Abyss (spatial maelstrom)
 18763 | Abyss:2  | Found a roughly hewn altar of Beogh.
 18775 | Zig:25   | Escaped the Abyss
 18780 | Zig:25   | Paralysed by accursed screaming for 1 turns
 18781 | Zig:25   | Lost intelligence.
 18802 | Zig:25   | Killed from afar by a starcursed mass

Skill      XL: |  1  2  3  4  5  6  7  8  9 10 11 12 13 14 15 16 17 18 19 20 21 22 23 24 25 26 27 |
---------------+----------------------------------------------------------------------------------+-----
Fighting       | 4 5 6 7 8 9 10 11 12 13 14 15 16 17 22 | 22.1
Long Blades    | 2 3 4 5 7 8 10 11 | 11.5
Armour         | 4 5 7 8 9 10 11 12 13 16 | 16.2
Shields        | 4 5 6 7 8 9 10 11 12 13 14 15 16 17 18 19 25 | 25.8
Invocations    | 1 2 4 6 7 9 10 11 12 13 14 15 16 17 18 19 22 | 22.4
Dodging        | 1 2 3 4 |  4.8
Evocations     | 3 4 6 7 8 9 10 11 12 13 14 15 16 21 | 21.1
Stealth        | 1 2 3 4 5 6 8 9 13 | 13.8
Axes           | 2 4 6 |  6.1
Short Blades   | 4 7 9 10 11 12 13 14 15 16 20 | 20.0
Throwing       | 1 2 4 6 7 9 11 12 13 14 16 20 | 20.0

Action                   |  1- 3 |  4- 6 |  7- 9 | 10-12 | 13-15 | 16-18 | 19-21 | 22-24 | 25-27 || total
-------------------------+-------+-------+-------+-------+-------+-------+-------+-------+-------++-------
Melee: Long sword        |     4 |    28 |    28 |   137 |       |       |       |       |       ||   197
       Rapier            |       |       |       |     9 |   346 |   442 |   397 |   635 |  1283 ||  3112
       Demon blade       |       |       |       |       |       |    17 |       |       |       ||    17
Throw: Tomahawk          |       |       |       |     2 |     2 |       |       |       |       ||     4
       Javelin           |       |       |       |       |       |    13 |    34 |    19 |    67 ||   133
       Throwing net      |       |       |       |       |       |       |       |     1 |     2 ||     3
Invok: Heroism           |       |       |     1 |     2 |    11 |     3 |     5 |     7 |    12 ||    41
       Finesse           |       |       |       |     1 |    10 |     5 |     7 |     8 |    17 ||    48
 Abil: Fly               |       |       |       |       |     1 |       |       |       |       ||     1
Evoke: Lamp of fire      |       |       |       |       |     2 |       |     2 |     1 |     7 ||    12
       Wand              |       |       |       |       |     6 |     2 |     1 |     1 |    23 ||    33
       Lightning rod     |       |       |       |       |       |       |       |       |    19 ||    19
       Phantom mirror    |       |       |       |       |       |       |       |       |     3 ||     3
       Box of beasts     |       |       |       |       |       |       |       |       |     2 ||     2
       Figurine of a zig |       |       |       |       |       |       |       |       |     1 ||     1
  Use: Scroll            |       |    10 |       |     5 |     5 |     7 |     2 |     5 |    31 ||    65
       Potion            |       |     2 |     3 |     3 |     4 |     3 |       |     5 |    24 ||    44
 Stab: Paralysed         |       |       |       |       |     3 |     4 |     2 |     5 |     7 ||    21
       Petrifying        |       |       |       |       |     3 |     4 |     1 |     6 |     4 ||    18
       Confused          |       |       |       |       |       |     1 |       |     4 |     3 ||     8
       Distracted        |       |       |       |       |       |       |       |       |     3 ||     3
       Invisible         |       |       |       |       |       |       |       |       |     7 ||     7
  Eat: Ration            |       |     1 |       |       |     1 |       |     1 |     3 |     5 ||    11
       Chunk             |       |       |       |     1 |     3 |     7 |     2 |     2 |     8 ||    23
Armor: Scale mail        |       |    18 |     9 |     6 |       |       |       |       |       ||    33
       Plate armour      |       |       |       |    39 |    86 |   188 |   122 |   191 |   399 ||  1025
Dodge: Dodged            |     2 |    11 |     2 |    24 |    64 |    92 |    64 |    89 |   264 ||   612
Block: Shield            |     3 |    19 |     5 |    76 |   160 |   273 |   153 |   312 |   607 ||  1608
       Rpst.: Long sword |     1 |     1 |       |     3 |       |       |       |       |       ||     5
       Demon blade       |       |       |       |       |       |     4 |       |       |       ||     4
